Map: [EWC] Goldenaura

Players

Cure - Winner!

  • Race: Terran Terran
  • Spawn Location: 12:00

herO

  • Race: Protoss Protoss
  • Spawn Location: 5:00

Event: Esports World Cup 2024

VOD

Have the link to the VOD?

Description

Time

  • Played on: Aug. 17, 2024, 12:40 p.m.
  • Length: 10:51

All games in this series

Show
View Real Time Build Order
Export as new Build Order

Cure Terran - Winner!

Build Orders:  

Get SALT Encoding   

  12  0:00  SCV  
  13  0:12  SCV  
  14  0:17  Supply Depot  
  14  0:24  SCV  
  15  0:41  Barracks  
  15  0:44  Refinery  
  15  0:56  Barracks  
  15  1:00  SCV  
  16  1:12  SCV  
  17  1:27  Orbital Command  
  17  1:28  Barracks Tech Lab  
  17  1:41  Supply Depot  
  17  1:44  Barracks Tech Lab  
  17  1:49  Marauder  
  19  1:54  SCV  
  20  2:03  Concussive Shells, Marauder  
  22  2:12  Marauder  
  22  2:15  SCV  
  25  2:24  Marauder  
  25  2:27  SCV  
  28  2:31  Supply Depot  
  28  2:38  Marauder  
  28  2:41  SCV  
  31  2:55  SCV  
  31  2:57  Supply Depot  
  34  3:02  Marine x2  
  34  3:06  Bunker  
  34  3:08  SCV  
  34  3:22  Factory  
  34  3:23  Marine  
  34  3:24  Marine  
  36  3:27  SCV  
  37  3:35  Refinery  
  37  3:39  SCV  
  38  3:42  Marine x2  
  40  3:51  SCV  
  41  3:58  Supply Depot  
  41  4:03  SCV  
  42  4:11  Cyclone  
  42  4:13  Starport  
  42  4:15  SCV  
  45  4:19  Bunker  
  45  4:26  Bunker  
  45  4:27  SCV  
  46  4:39  Supply Depot, SCV  
  40  4:55  Viking  
  40  4:56  Factory Tech Lab  
  39  5:06  Command Center  
  39  5:15  Barracks Tech Lab, Siege Tank  
  39  5:17  Barracks Reactor  
  39  5:19  SCV  
  43  5:28  Medivac  
  45  5:31  SCV  
  46  5:40  Marine  
  45  5:44  SCV  
  46  5:50  Stimpack  
  46  5:54  Marine x2, Barracks  
  46  5:56  SCV  
  49  5:58  Marine  
  49  6:03  Siege Tank  
  53  6:08  SCV  
  54  6:15  Starport Reactor, Marine x2  
  54  6:16  Marine  
  57  6:21  SCV  
  58  6:26  Engineering Bay  
  58  6:33  Marine x3  
  58  6:34  SCV  
  62  6:44  Siege Tank  
  62  6:46  SCV  
  65  6:51  Marine x3  
  68  6:57  Orbital Command  
  68  6:58  SCV  
  66  7:10  SCV  
  66  7:12  Marine x3  
  66  7:15  Terran Infantry Weapons Level 1  
  70  7:20  Starport Reactor  
  70  7:22  SCV  
  71  7:26  SCV  
  72  7:32  Missile Turret  
  72  7:34  SCV  
  72  7:35  Marine x3  
  76  7:39  Supply Depot  
  76  7:40  SCV  
  77  7:46  SCV  
  75  7:52  Marine x2  
  75  7:53  Marine  
  71  7:58  Medivac x2  
  71  8:00  Marine x2  
  71  8:01  Combat Shield  
  77  8:09  Supply Depot  
  77  8:10  Marine  
  77  8:11  Marine x2  
  80  8:18  Marine x2  
  82  8:20  Refinery  
  82  8:21  Refinery  
  82  8:23  Barracks  
  82  8:27  Marine  
  82  8:31  Marine x2  
  82  8:32  Barracks  
  85  8:36  Marine x2  
  85  8:37  SCV  
  85  8:38  SCV  
  89  8:42  Supply Depot  
  89  8:43  Medivac  
  89  8:45  Marine  
  92  8:49  Marine x2  
  94  9:04  Siege Tank, Marine x2, Medivac  
  94  9:05  Supply Depot  
  94  9:08  Marine  
  102  9:23  Supply Depot, Marine  
  102  9:24  Marine x2  
  102  9:25  Marine x3  
  102  9:26  Marine  
  102  9:30  Medivac  
  99  9:41  Marine  
  99  9:42  Marine x2  
  99  9:43  Marine x2  
  99  9:44  Marine  
  102  9:50  Marine  
  95  9:55  Orbital Command  
  95  9:59  Marine  
  93  10:00  Marine x3  
  93  10:01  Marine  
Show
View Real Time Build Order
Export as new Build Order

herO Protoss 

Build Orders: 1 Gate Expand 

Get SALT Encoding   

  12  0:00  Probe  
  13  0:12  Probe  
  14  0:17  Pylon  
  14  0:24  Probe  
  15  0:36  Gateway, Probe (Chrono Boost)  
  16  0:43  Assimilator  
  16  0:48  Probe (Chrono Boost)  
  17  0:53  Probe (Chrono Boost)  
  18  1:03  Probe  
  19  1:15  Probe  
  20  1:23  Cybernetics Core  
  20  1:34  Nexus  
  22  1:48  Pylon  
  22  1:52  Probe  
  23  1:57  Assimilator, Stalker (Chrono Boost)  
  23  2:06  Probe  
  24  2:12  Shield Battery  
  24  2:20  Shield Battery  
  24  2:21  Stalker (Chrono Boost)  
  26  2:23  Probe  
  27  2:35  Probe, Pylon  
  28  2:40  Stargate  
  28  2:43  Stalker  
  28  2:47  Probe  
  31  2:57  Warp Gate  
  31  3:03  Probe  
  32  3:10  Gateway x2  
  32  3:13  Adept  
  34  3:30  Void Ray (Chrono Boost)  
  38  3:34  Pylon  
  38  3:45  Probe  
  38  3:48  Pylon  
  39  3:52  Adept  
  41  3:57  Zealot, Sentry  
  45  4:06  Pylon, Probe  
  45  4:19  Probe  
  46  4:32  Probe  
  47  4:45  Stalker x3  
  47  4:59  Nexus  
  47  5:01  Pylon  
  47  5:02  Probe  
  48  5:14  Sentry x3, Probe (Chrono Boost)  
  55  5:26  Probe (Chrono Boost)  
  56  5:31  Probe (Chrono Boost)  
  57  5:41  Probe  
  58  5:47  Nexus  
  58  5:51  Pylon  
  58  5:55  Probe, Phoenix  
  59  6:03  Robotics Facility  
  59  6:08  Probe (Chrono Boost)  
  60  6:12  Probe (Chrono Boost)  
  60  6:15  Twilight Council  
  61  6:23  Probe (Chrono Boost)  
  61  6:24  Probe (Chrono Boost)  
  63  6:28  Probe (Chrono Boost)  
  63  6:29  Probe (Chrono Boost)  
  65  6:37  Probe  
  65  6:38  Probe  
  67  6:41  Stalker x3  
  71  6:49  Probe  
  71  6:51  Probe  
  73  6:56  Observer  
  73  7:01  Probe  
  73  7:03  Probe  
  73  7:05  Stalker x3  
  70  7:13  Probe  
  70  7:15  Probe  
  70  7:20  Probe  
  71  7:26  Probe  
  71  7:30  Zealot x3  
  71  7:32  Phoenix  
  71  7:33  Probe x2  
  79  7:38  Shield Battery  
  79  7:41  Charge (Chrono Boost), Probe  
  80  7:45  Probe  
  80  7:51  Probe  
  80  7:53  Probe  
  80  7:57  Probe  
  82  8:01  Shield Battery  
  82  8:05  Immortal  
  86  8:07  Probe x2  
  86  8:09  Probe  
  89  8:18  Gateway  
  89  8:21  Gateway, Probe  
  89  8:25  Zealot x3  
  96  8:38  Gateway  
  96  8:39  Pylon  
  95  8:41  Gateway  
  95  8:45  Immortal  
  95  8:48  Pylon, Probe  
  100  8:55  Pylon  
  100  8:59  Zealot x3  
  100  9:00  Probe  
  107  9:07  Gateway  
  107  9:08  Gateway  
  107  9:12  Pylon  
  107  9:19  Stalker x2  
  107  9:25  Zealot x3  
  107  9:27  Immortal (Chrono Boost)  
  96  9:55  Zealot x3  
  96  9:56  Zealot x2  
  89  10:03  Immortal (Chrono Boost)  
  67  10:16  Sentry x2  
  67  10:17  Zealot x3  
  73  10:29  Zealot  
  73  10:30  Sentry  
Tags
 
Add a new tag
Caveats
  • Supply blocks, unpowered buildings, or Contaminate may cause inaccurate times.
  • Supply counts are checked every 10 seconds.